 Dungeon Crawl Stone Soup version 0.31-a0-1522-g43313d8a59 (webtiles) character file.

Game seed: 14731661871431183223

5 Okkudo the Chopper (level 1, -3/20 HPs)
             Began as a Hill Orc Monk on Dec 31, 2023.
             Slain by a goblin
             ... wielding a +2 dagger of electrocution
              (4 damage)
             ... on level 1 of the Dungeon.
             The game lasted 00:00:29 (140 turns).

Okkudo the Chopper (Hill Orc Monk)                   Turns: 140, Time: 00:00:30

Health: -3/20      AC:  5    Str: 13    XL:     1   Next: 80%
Magic:  1/1        EV: 11    Int: 10    God:
Gold:   27         SH:  0    Dex: 13    Spells: 0/0 levels left

rFire   . . .        a - +0 hand axe
rCold   . . .        d - orb {light}
rNeg    . . .        f - +0 ring mail
rPois   .            (no helmet)
rElec   .            (no cloak)
rCorr   .            (no gloves)
SInv    .            (no boots)
Will    .....        (no amulet)
Stlth   +            (no ring)
HPRegen 0.23/turn    (no ring)
MPRegen 0.07/turn

%: no passive effects
@: glowing
A: no striking features
a: no special abilities


You were on level 1 of the Dungeon.
You visited 1 branch of the dungeon, and saw 1 of its levels.

You collected 27 gold pieces.

Inventory:

Hand Weapons
 a - a +0 hand axe (weapon)
Missiles
 e - 4 atropa-tipped darts (quivered)
Armour
 d - an orb of light (worn)
 f - a +0 ring mail (worn)
Jewellery
 b - an amulet of guardian spirit
Scrolls
 g - a scroll of identify {unknown}
Potions
 c - a potion of ambrosia


   Skills:
 + Level 3.8 Fighting
 + Level 4.2 Axes
 + Level 2.5 Dodging


You couldn't memorise any spells.
You didn't know any spells.
Your spell library was empty.

Dungeon Overview and Level Annotations

Branches:
Dungeon (1/15)

Altars:


Message History

You finish putting on your +0 ring mail.
You drop a +0 robe.
You now have 27 gold pieces (gained 23).
b - an amulet of guardian spirit A hobgoblin comes into view.
The hobgoblin shouts!
g - a scroll labelled IBAXOR ILOI
There are no items here.
You hit the hobgoblin but do no damage. The hobgoblin barely misses you.
You hit the hobgoblin.
You kill the hobgoblin!
You open the door.
There is an open door here.
A goblin and a quokka come into view.
The goblin is wielding a +1 dagger of venom.
Found a chain mail.
The goblin shouts!
A goblin comes into view.
It is wielding a +2 dagger of electrocution.
The goblin shouts!
You hit the quokka.
The quokka is severely wounded.
The quokka bites you but does no damage.
You hit the quokka.
You kill the quokka!
You hit the goblin.
You kill the goblin!
The goblin barely misses you. The goblin attacks as it pursues you!
The goblin hits you with a +2 dagger of electrocution.
There is an open door here.
The goblin attacks as it pursues you!
The goblin hits you with a +2 dagger of electrocution.
The goblin attacks as it pursues you! The goblin hits you but does no damage.
You are electrocuted!
Ouch! That really hurt!
* * * LOW HITPOINT WARNING * * *
You hit the goblin.
The goblin is moderately wounded.
The goblin hits you with a +2 dagger of electrocution.
You die...

.# .# #####.##### ##+#
#.........# ##...##
#.#.......# ##.....##
#.#.##.# .# ##[......##
#.#.##.##.#
#.........###.........#######
+.....†...'g@............#...
#.....)...####...#.#######...
##.......## ##.##.# #...
##.....## ####.# #..# ##...##
### #.# #..# ##+# ..# #.#
#... #.# #.# #... #.# #.#
#... ####.###.# #..#


You could see a goblin.

Vanquished Creatures
  A goblin (D:1)
  A hobgoblin (D:1)
  A quokka (D:1)
  A frilled lizard (D:1)
  A kobold (D:1)
5 creatures vanquished.

Notes
Turn   | Place    | Note
-------+----------+-------------------------------------------
     0 | D:1      | Okkudo the Hill Orc Monk began the quest for the Orb.
     0 | D:1      | Reached XP level 1. HP: 19/19 MP: 1/1
   139 | D:1      | HP: 1/20 [goblin/+2 dagger of electrocution (16)]
   140 | D:1      | Slain by a goblin

Illustrated notes

Levels and vault maps discovered:
D:1:      dpeg_arrival_boxorama, layout_loops_corners, st_stairs_6

Action                     || total
---------------------------++-------
  Melee: Hand axe          ||     8
 Armour: Ring mail         ||     5
  Dodge: Dodged            ||     5

Table legend: (Time is in decaauts)
 A = Elapsed time spent in this place.
 B = Non-inter-level travel time spent in this place.
 C = Inter-level travel time spent in this place.
 D = Time resting spent in this place.
 E = Time spent auto-exploring this place.
 F = Levels seen in this place.
 G = Mean time per level.
                   A        B        C        D        E       F      G
               +--------+--------+--------+--------+--------+-----+--------+
         Total |    140 |    140 |      0 |      0 |     81 |   1 |  140.0 |
       Dungeon |    140 |    140 |      0 |      0 |     81 |   1 |  140.0 |
               +--------+--------+--------+--------+--------+-----+--------+

Top non-repeatable levels by time:
     D:1: 140 daAuts
